 Dungeon Crawl Stone Soup version 0.27-a0-1434-g6f15984924 (webtiles) character file.

Game seed: 7931902135191491153

21 funkygono the Bolt Thrower (level 2, -1/17 HPs)
             Began as a Gargoyle Hunter on July 3, 2021.
             Slain by an adder (4 damage)
             ... on level 2 of the Dungeon.
             The game lasted 00:01:07 (728 turns).

funkygono the Bolt Thrower (Gargoyle Hunter)         Turns: 728, Time: 00:01:07

Health: -1/17      AC:  5    Str: 15    XL:     2   Next: 83%
Magic:  2/2        EV: 11    Int: 11    God:
Gold:   20         SH:  0    Dex: 10    Spells: 1/1 levels left

rFire    . . .     SeeInvis .   b - +1 hand crossbow
rCold    . . .     Faith    .   (no shield)
rNeg     + . .     Spirit   .   c - +0 leather armour
rPois    ∞         Reflect  .   (no helmet)
rElec    +         Harm     .   (no cloak)
rCorr    .         Rampage  .   (no gloves)
Will     .....                  (no boots)
Stlth    +.........             (no amulet)
HPRegen  0.05/turn              (no ring)
MPRegen  0.08/turn              (no ring)

@: no status effects
A: sickness immunity, AC +2, negative energy resistance 1, electricity
resistance, torment resistance 1, petrification resistance
a: no special abilities


You were on level 2 of the Dungeon.
You visited 1 branch of the dungeon, and saw 2 of its levels.

You collected 20 gold pieces.

Inventory:

Hand Weapons
 a - a +0 club
 b - a +1 hand crossbow (weapon)
 h - a +0 short sword
Missiles
 d - 18 bolts (quivered ammo)
 g - 5 boomerangs of dispersal
Armour
 c - a +0 leather armour (worn)
Scrolls
 f - a scroll of teleportation {unknown}
Potions
 e - a potion of cancellation {unknown}


   Skills:
 + Level 2.2 Fighting
 + Level 0.2 Short Blades
 + Level 4.7 Crossbows
 + Level 1.6 Dodging
 - Level 1.1 Stealth


You had one spell level left.
You didn't know any spells.
Your spell library was empty.

Dungeon Overview and Level Annotations

Branches:
Dungeon (1/15)

Altars:


Innate Abilities, Weirdness & Mutations

You are immune to sickness and miasma.
Your stone body is resilient. (AC +2)
You are immune to poison.
You resist negative energy. (rN+)
You are resistant to electric shocks. (rElec)
You are resistant to unholy torment.
You are immune to petrification.


Message History

Unknown command.
Fire: 18 bolts
Press: ? - help, Q - select action, (/) - cycle Shift-Dir - straight line, f/p - dart slug
Aim: a dart slug (almost dead, 94% to hit)
You shoot a bolt. The bolt hits the dart slug!
You kill the dart slug!
Unknown command.
Found a stone staircase leading down.
d - 18 bolts (gained 1)
You see here a dart slug corpse.
You fall into a shaft and drop 1 floor!
The shaft crumbles and collapses.
A goblin comes into view. It is wielding a +0 dagger.
The goblin shouts!
A kobold comes into view. It is wielding a +0 short sword.
The kobold shouts!
You hear an angry hiss.
Found a spear.
A worm, an endoplasm and a giant cockroach come into view.
The endoplasm hits you.
Found 13 stones.
An adder comes into view.
The adder hisses angrily.
The endoplasm misses you.
The adder moves out of view.
Found a scroll labelled XYDISI PEYJO.
A rat comes into view.
The endoplasm hits you.
Really attack while wielding your +1 hand crossbow? [Y]es or [N]o only, please.
Really attack while wielding your +1 hand crossbow?
You clumsily bash the adder but do no damage.
The adder bites you. The endoplasm freezes you.
You are frozen.
* * * LOW HITPOINT WARNING * * *
The kobold barely misses you.
Unknown command.
The adder bites you but does no damage. The adder bites you.
* * * LOW HITPOINT WARNING * * *
The rat bites you but does no damage. The adder bites you.
You die...

## .## .. ##
. ...###.
.###.. ..$.
.##?.#...
#.$.(..#... .
#...#....#...
#..........
########@r#
......JBS##
........K.##
.......g...#
......w....#
...........#
...........#
.......)...#
..........##


You could see a worm, an adder, an endoplasm, a giant cockroach, a goblin, a
kobold and a rat.

Vanquished Creatures
  2 dart slugs (D:1)
  An endoplasm (D:1)
  A giant cockroach (D:1)
  2 goblins (D:1)
  A hobgoblin (D:1)
  2 jackals (D:1)
  2 quokkas (D:1)
  A frilled lizard (D:1)
  A kobold (D:1)
  2 rats (D:1)
15 creatures vanquished.

Notes
Turn   | Place    | Note
-------+----------+-------------------------------------------
     0 | D:1      | funkygono the Gargoyle Hunter began the quest for the Orb.
     0 | D:1      | Reached XP level 1. HP: 12/12 MP: 1/1
    59 | D:1      | Reached XP level 2. HP: 10/17 MP: 2/2
   722 | D:1      | You fall into a shaft and drop 1 floor!
   728 | D:2      | Slain by an adder

Illustrated notes

Levels and vault maps discovered:
D:1:      lemuel_arrival_rhombus, layout_basic
D:2:      layout_rooms

Action                   || total
-------------------------++-------
Melee: Short sword       ||    32
       Hand crossbow     ||     1
 Fire: Hand crossbow     ||    15
Armor: Leather armour    ||    11
Dodge: Dodged            ||    23

Table legend: (Time is in decaauts)
 A = Elapsed time spent in this place.
 B = Non-inter-level travel time spent in this place.
 C = Inter-level travel time spent in this place.
 D = Time resting spent in this place.
 E = Time spent auto-exploring this place.
 F = Levels seen in this place.
 G = Mean time per level.
                   A        B        C        D        E       F      G
               +--------+--------+--------+--------+--------+-----+--------+
         Total |    731 |    731 |      0 |      0 |    640 |   2 |  365.5 |
       Dungeon |    731 |    731 |      0 |      0 |    640 |   2 |  365.5 |
               +--------+--------+--------+--------+--------+-----+--------+

Top non-repeatable levels by time:
     D:1: 725 daAuts
     D:2: 6 daAuts
